 Dungeon Crawl Stone Soup version 0.27-a0-887-gcab673c142 (webtiles) character file.

Game seed: 9955227085240843561

2515 timneilson the Shield-Bearer (level 9, -9/55 HPs)
             Began as a Gargoyle Fighter on Apr 5, 2021.
             Was a Believer of Okawaru.
             Mangled by a troll (12 damage)
             ... on level 7 of the Dungeon.
             The game lasted 00:11:23 (8644 turns).

timneilson the Shield-Bearer (Gargoyle Fighter)     Turns: 8644, Time: 00:11:24

Health: -9/55      AC: 19    Str: 23    XL:     9   Next: 54%
Magic:  9/11       EV: 11    Int:  9    God:    Okawaru [**....]
Gold:   352        SH: 14    Dex:  9    Spells: 8/8 levels left

rFire    . . .     SeeInvis .   a - +1 long sword
rCold    . . .     Faith    .   c - +1 kite shield
rNeg     + . .     Spirit   .   b - +0 scale mail
rPois    ∞         Reflect  .   j - +0 helmet
rElec    +         Harm     .   (no cloak)
rCorr    .         Rampage  .   (no gloves)
Will     .....                  m - +0 pair of boots
Stlth    +.........             (no amulet)
HPRegen  0.18/turn              (no ring)
MPRegen  0.12/turn              (no ring)

@: heroic, hasted, very quick
A: AC +6, negative energy resistance 1, electricity resistance, torment
resistance 1, unbreathing 1, petrification resistance
a: Renounce Religion, Heroism


You were on level 7 of the Dungeon.
You worshipped Okawaru.
Okawaru was pleased with you.
You visited 2 branches of the dungeon, and saw 8 of its levels.

You collected 352 gold pieces.

Inventory:

Hand Weapons
 a - a +1 long sword (weapon)
Armour
 b - a +0 scale mail (worn)
 c - a +1 kite shield (worn)
 j - a +0 helmet (worn)
 m - a +0 pair of boots (worn)
 o - a +0 tower shield
Jewellery
 l - a ring of ice
 v - an amulet of faith
Wands
 e - a wand of acid (8)
 u - a wand of iceblast (9)
Scrolls
 f - a scroll of enchant weapon
 g - a scroll of blinking
 i - 2 scrolls of teleportation
 k - a scroll of fog
 w - a scroll of fear
Potions
 d - a potion of mutation
 h - 2 potions of magic
 n - a potion of brilliance {unknown}
 p - 3 potions of lignification
 r - a potion of haste
 s - a potion of resistance {unknown}
 t - a potion of cancellation {unknown}


   Skills:
 + Level 5.8(10.8) Fighting
 * Level 6.1(11.1) Long Blades
 * Level 7.8(12.8) Armour
 * Level 7.9(12.9) Shields
 + Level 3.7 Invocations


You had 8 spell levels left.
You didn't know any spells.
Your spell library contained the following spells:

 Spells                   Type           Power      Damage    Failure   Level
 Summon Small Mammal      Summ           0%         N/A       71%         1
 Call Imp                 Summ           0%         N/A       85%         2
 Call Canine Familiar     Summ           0%         N/A       97%         3
 Summon Guardian Golem    Hex/Summ       0%         N/A       97%         3
 Summon Ice Beast         Ice/Summ       0%         N/A       100%        4
 Summon Lightning Spire   Summ/Air       0%         N/A       100%        4


Dungeon Overview and Level Annotations

Branches:
Dungeon (7/15)             Temple (1/1) D:5

Altars:
Ashenzari
Cheibriados
Dithmenos
Elyvilon
Fedhas
Gozag
Hepliaklqana
Kikubaaqudgha
Nemelex Xobeh
Okawaru
Qazlal
Ru
Sif Muna
Trog
Uskayaw
Vehumet
Wu Jian
Xom
Yredelemnul
Zin
The Shining One

Shops:
D:5 [


Innate Abilities, Weirdness & Mutations

Your stone body is resilient. (AC +6)
You are immune to poison.
You resist negative energy. (rN+)
You are resistant to electric shocks. (rElec)
You are resistant to unholy torment.
You can survive without breathing.
You are immune to petrification.


Message History

You slash the troll!
The troll is moderately wounded.
The troll barely misses you. The troll claws you but does no damage.
The troll closely misses you.
You hit the troll.
The troll is heavily wounded.
You block the troll's attack. The troll barely misses you.
You block the troll's attack.
You slash the troll!
The troll is severely wounded.
You block the troll's attack. x2; The troll barely misses you.
Your shield and scale mail prevent you from hitting the troll.
The troll is heavily wounded.
The troll bites you! You block the troll's attack. x2
You hit the troll.
The troll is severely wounded.
The troll bites you! The troll barely misses you. x2
You hit the troll.
The troll is severely wounded.
You hit the troll.
The troll is severely wounded.
The troll bites you.
* * * LOW HITPOINT WARNING * * *
You block the troll's attack. x2
You slash the troll!
The troll is almost dead.
The troll bites you.
* * * LOW HITPOINT WARNING * * *
You block the troll's attack. The troll claws you!
* * * LOW HITPOINT WARNING * * *
Unknown command.
You feel yourself speed up. You block the troll's attack. x2
The troll closely misses you.
You feel more confident with your borrowed prowess.
You block the troll's attack. The troll claws you but does no damage.
You block the troll's attack.
You closely miss the troll.
The troll is almost dead.
The troll bites you!
You die...

######.......#
##+###.....#####
#.......+...+....#.....#
#.......#...#....#.....#
#.......#...#....#.....#
#.......#...#....'.....#
#.......#...#....#.....#
#.......#...#....#.....#
#.......#...#....#.....#
#.......###@######.....#
#####.....#T###..T...###
#.....#Z..#......#
#.....#...#..Z...#
#.....#...#......#
#.....#...#......#
#.....'...'......#
#.....#####......#
####### ########


You could see a troll and a centaur zombie.

Vanquished Creatures
  Pikel (D:6)
  A wyvern (D:7)
  Eustachio (D:6)
  Menkaure (D:5)
  An ice beast (D:6)
  A black bear (D:7)
  2 ogres (D:6)
  A centaur (D:7)
  A kobold brigand (D:7)
  2 scorpions
  A water moccasin zombie (D:5)
  A bullfrog zombie (D:6)
  3 hounds
  A jelly (D:6)
  5 orc priests
  A centaur skeleton (D:7)
  A bullfrog skeleton (D:5)
  Jessica (D:3)
  2 iguanas (D:5)
  11 orc wizards
  A hound zombie (D:5)
  3 howler monkey skeletons
  4 gnolls (D:2)
  6 adders
  An ufetubus (D:5)
  An adder skeleton (D:5)
  A worm (D:2)
  A dart slug (D:5)
  26 orcs
  3 bats
  3 endoplasms
  5 giant cockroaches
  7 goblins
  5 hobgoblins
  7 jackals
  3 quokkas
  5 ball pythons
  3 frilled lizards
  9 kobolds
  5 rats
138 creatures vanquished.

Notes
Turn   | Place    | Note
-------+----------+-------------------------------------------
     0 | D:1      | timneilson the Gargoyle Fighter began the quest for the
                  | Orb.
     0 | D:1      | Reached XP level 1. HP: 14/14 MP: 1/1
    88 | D:1      | Found a faded altar of an unknown god.
   270 | D:1      | Reached XP level 2. HP: 19/19 MP: 2/2
   856 | D:2      | Reached XP level 3. HP: 22/23 MP: 3/3
  1024 | D:2      | Reached XP level 4. HP: 19/28 MP: 4/4
  2209 | D:3      | Reached XP level 5. HP: 33/33 MP: 5/5
  2770 | D:3      | Noticed Jessica
  2774 | D:3      | Killed Jessica
  3650 | D:4      | HP: 1/33 [something (2)]
  3693 | D:4      | Reached XP level 6. HP: 38/38 MP: 6/6
  4112 | D:5      | Entered Level 5 of the Dungeon
  4127 | D:5      | Reached skill level 5 in Shields
  4349 | D:5      | Reached skill level 5 in Armour
  4527 | D:5      | Found a staircase to the Ecumenical Temple.
  4552 | Temple   | Entered the Ecumenical Temple
  4557 | Temple   | Became a worshipper of Warmaster Okawaru
  4746 | D:5      | Reached XP level 7. HP: 41/43 MP: 7/7
  4970 | D:5      | Found Ularuranta's Armour Shoppe.
  4979 | D:5      | Noticed Menkaure
  4986 | D:5      | Killed Menkaure
  4987 | D:5      | Reached skill level 1 in Invocations
  5269 | D:5      | Reached * piety under Okawaru
  6311 | D:6      | Reached XP level 8. HP: 25/48 MP: 9/9
  6903 | D:6      | Noticed Pikel
  6915 | D:6      | Killed Pikel
  6916 | D:6      | Reached skill level 5 in Fighting
  6916 | D:6      | Reached skill level 5 in Long Blades
  7162 | D:6      | Reached XP level 9. HP: 50/54 MP: 9/11
  7413 | D:6      | Noticed Eustachio
  7433 | D:6      | Killed Eustachio
  7563 | D:7      | HP: 2/54 [orc priest/divine providence (13)]
  8027 | D:7      | Reached ** piety under Okawaru
  8591 | D:7      | Noticed a troll
  8644 | D:7      | Mangled by a troll

Illustrated notes

Levels and vault maps discovered:
D:1:      wander_arrival_desolate, layout_loops_ring,
          chequers_ecumenical_altar_island, minmay_hedge_maze,
          corexii_leaking_fountain
D:2:      layout_basic
D:3:      layout_loops_corners, kennysheep_generic_room_9, uniq_jessica
D:4:      layout_gridville
D:5:      layout_layer_cave, temple_pool_b, serial_shops,
          nicolae_shop_statue_plus, hangedman_decor_peaks_small, uniq_menkaure
D:6:      layout_basic, minmay_misc_feat_rows, minmay_misc_feat_plants,
          minmay_misc_feat_hallway, grunt_ministairs_15, minmay_door_square,
          uniq_pikel, uniq_eustachio
D:7:      layout_gridville
Temple:   grunt_wide_crystal_templ

Skill      XL: |  1  2  3  4  5  6  7  8  9 |
---------------+----------------------------+-----
Long Blades    | 2 3 4 5 6 |  6.1
Shields        | 4 5 6 7 |  7.9
Armour         | 4 5 7 |  7.8
Fighting       | 4 5 |  5.8
Invocations    | 1 3 |  3.7

Action                   |  1- 3 |  4- 6 |  7- 9 || total
-------------------------+-------+-------+-------++-------
Melee: Long sword        |   106 |   254 |   342 ||   702
Invok: Heroism           |       |       |     8 ||     8
  Use: Scroll            |     3 |     7 |     8 ||    18
       Potion            |       |     4 |     5 ||     9
Armor: Scale mail        |    57 |   219 |   208 ||   484
Dodge: Dodged            |    36 |    86 |   107 ||   229
Block: Kite shield       |    50 |   171 |   240 ||   461
       Rpst.: Long sword |     9 |    21 |    30 ||    60

Table legend: (Time is in decaauts)
 A = Elapsed time spent in this place.
 B = Non-inter-level travel time spent in this place.
 C = Inter-level travel time spent in this place.
 D = Time resting spent in this place.
 E = Time spent auto-exploring this place.
 F = Levels seen in this place.
 G = Mean time per level.
                   A        B        C        D        E       F      G
               +--------+--------+--------+--------+--------+-----+--------+
         Total |   8900 |   8688 |    212 |    308 |   6814 |   8 | 1112.5 |
       Dungeon |   8807 |   8604 |    203 |    308 |   6737 |   7 | 1258.1 |
        Temple |     92 |     83 |      9 |      0 |     77 |   1 |   92.0 |
               +--------+--------+--------+--------+--------+-----+--------+

Top non-repeatable levels by time:
     D:5: 2141 daAuts
     D:6: 1632 daAuts
     D:2: 1249 daAuts
     D:4: 1149 daAuts
     D:3: 973 daAuts
     D:1: 889 daAuts
     D:7: 771 daAuts
  Temple: 92 daAuts
